 Dungeon Crawl Stone Soup version 0.28.0-43-g3370ac3207 (webtiles) character file.

Game seed: 11559257919989824008

142 issech the Cudgeller (level 5, -1/78 HPs)
             Began as a Troll Monk on Mar 29, 2022.
             Slain by Crazy Yiuf
             ... wielding a +3 quarterstaff of chaos
              (4 damage)
             ... on level 2 of the Dungeon.
             The game lasted 00:08:50 (2216 turns).

issech the Cudgeller (Troll Monk)                   Turns: 2216, Time: 00:08:50

Health: -1/78      AC:  8    Str: 19    XL:     5   Next: 4%
Magic:  0/4        EV: 10    Int:  6    God:
Gold:   138        SH:  0    Dex: 14    Spells: 4/4 levels left

rFire   . . .      SeeInvis +   a - +0 mace
rCold   . . .      Faith    .   (no shield)
rNeg    . . .      Spirit   .   b - +0 robe
rPois   .          Reflect  .   (helmet restricted)
rElec   .          Harm     .   (no cloak)
rCorr   .          Rampage  .   (gloves unavailable)
Will    .....                   (boots unavailable)
Stlth   ..........              (no amulet)
HPRegen 1.03/turn               m - ring of see invisible
MPRegen 0.09/turn               n - +4 ring of protection

@: berserking (expiring), hasted, invisible (expiring), very quick
A: large, unfitting armour, claws 3, regeneration 1, shaggy fur 1, tough skin 1
a: no special abilities


You were on level 2 of the Dungeon.
You visited 1 branch of the dungeon, and saw 3 of its levels.

You collected 138 gold pieces.

Inventory:

Hand Weapons
 a - a +0 mace (weapon)
 h - a +4 short sword
 p - a +0 hunting sling
Missiles
 d - 20 sling bullets
 g - 68 stones (quivered)
 u - 6 poisoned darts
 w - 21 arrows
Armour
 b - a +0 robe (worn)
Jewellery
 f - a ring of protection from cold
 j - a +6 ring of intelligence
 m - a ring of see invisible (left claw)
 n - a +4 ring of protection (right claw)
Scrolls
 e - 2 scrolls of identify {unknown}
 l - a scroll of immolation {unknown}
 o - a scroll of vulnerability {unknown}
 q - 4 scrolls of fog {unknown}
 s - a scroll of acquirement {unknown}
 t - a scroll of blinking {unknown}
Potions
 c - 2 potions of curing {unknown}
 i - a potion of might {unknown}
 k - 2 potions of haste {unknown}
 r - a potion of heal wounds {unknown}
 v - a potion of mutation {unknown}


   Skills:
 + Level 2.9 Fighting
 + Level 3.9 Maces & Flails
 + Level 3.2 Dodging
 + Level 1.4 Stealth


You had 4 spell levels left.
You didn't know any spells.
Your spell library contained the following spells:

 Spells                   Type           Power      Damage    Failure   Level
 Foxfire                  Conj/Fire      0%         2x1d4     45%         1
 Conjure Flame            Conj/Fire      0%         6-21      83%         3
 Inner Flame              Hex/Fire       0%         N/A       83%         3
 Flame Wave               Conj/Fire      0%         2d4       99%         4


Dungeon Overview and Level Annotations

Branches:
Dungeon (3/15)

Altars:
Fedhas
Nemelex Xobeh

Shops:
D:3 [

Annotations:
D:2 Crazy Yiuf


Innate Abilities, Weirdness & Mutations

You are too large for most types of armour.
You have claws for hands.
Your natural rate of healing is unusually fast.
You are covered in fur. (AC +1)
You have tough skin. (AC +1)


Message History

Your limbs are stiffening.
You feel sick.
You have turned to stone.
Crazy Yiuf hits you with a +3 quarterstaff of chaos.
Crazy Yiuf hits you with a +3 quarterstaff of chaos!
Crazy Yiuf freezes you.
Crazy Yiuf hits you with a +3 quarterstaff of chaos.
You fade into invisibility!
Crazy Yiuf hits you with a +3 quarterstaff of chaos!
Crazy Yiuf freezes you.
Crazy Yiuf hits you with a +3 quarterstaff of chaos!
You feel yourself speed up.
Crazy Yiuf hits you with a +3 quarterstaff of chaos!
You are electrocuted!
* * * LOW HITPOINT WARNING * * *
Crazy Yiuf hits you with a +3 quarterstaff of chaos!
* * * LOW HITPOINT WARNING * * *
You feel your power leaking away.
Crazy Yiuf hits you with a +3 quarterstaff of chaos.
* * * LOW HITPOINT WARNING * * *
A red film seems to cover your vision as you go berserk!
You feel yourself moving faster!
You feel mighty!
Crazy Yiuf hits you with a +3 quarterstaff of chaos.
Crazy Yiuf hits you with a +3 quarterstaff of chaos!
* * * LOW HITPOINT WARNING * * *
You turn to flesh and can move again.
Unknown command.
You hit Crazy Yiuf.
Crazy Yiuf is moderately wounded.
Crazy Yiuf barely misses you.
You feel sick.
You closely miss Crazy Yiuf.
Crazy Yiuf is moderately wounded.
You flicker for a moment.
You feel sick.
You barely miss Crazy Yiuf.
Crazy Yiuf is moderately wounded.
You feel sick.
You are no longer poisoned.
Crazy Yiuf hits you with a +3 quarterstaff of chaos.
You die...

#.###..#..#..#..#..#..# #..###.#
..# #................## #.......
#.# #.[....########### ####.###..
### ######## #.>.^..... ♣♣♣♣♣
#.##.####. ....♣ ######.##.####.
†...♣ ####...........##. .#..♣
#########..............<.. ....♣
#.....[.g@........##...##. #...♣
#.#######.##[####.##...##.
#...♣###.#######.##.##.......†##.
#...♣#...........##.##.###....##.
....♣###.##########....# #.......
.#..♣ #.# #....###..#.##.
....♣###.##### #............#.
....♣#.......## #...##.#.......
♣♣♣♣♣###.#....# #...#....##..#.


You could see Crazy Yiuf.

Vanquished Creatures
  An orc wizard (D:3)
  3 adders
  5 worms
  3 dart slugs
  4 orcs (D:3)
  5 endoplasms
  8 giant cockroaches
  7 goblins
  2 hobgoblins
  3 quokkas
  9 ball pythons
  7 bats
  2 frilled lizards (D:2)
  6 kobolds
  2 rats
67 creatures vanquished.

Notes
Turn   | Place    | Note
-------+----------+-------------------------------------------
     0 | D:1      | issech the Troll Monk began the quest for the Orb.
     0 | D:1      | Reached XP level 1. HP: 22/22 MP: 0/0
    89 | D:1      | Reached XP level 2. HP: 23/29 MP: 1/1
   676 | D:2      | Reached XP level 3. HP: 25/36 MP: 2/2
  1235 | D:2      | Found a faded altar of an unknown god.
  1248 | D:2      | Reached XP level 4. HP: 44/44 MP: 3/3
  1539 | D:3      | Found Gylyxinn's Armour Shop.
  1796 | D:3      | Found a sparkling altar of Nemelex Xobeh.
  1876 | D:3      | Reached XP level 5. HP: 52/52 MP: 4/4
  2065 | D:3      | Found a blossoming altar of Fedhas.
  2138 | D:3      | Found a runed translucent door.
  2139 | D:3      | Noticed Crazy Yiuf
  2212 | D:2      | HP: 3/78 [Crazy Yiuf/+3 quarterstaff of chaos (7)]
  2216 | D:2      | Slain by Crazy Yiuf

Illustrated notes

Levels and vault maps discovered:
D:1:      sevenhm_arrival_forest_fort_small_6, layout_basic
D:2:      layout_loops_ring, hellmonk_ecumenical_altar_run_dry, corexii_shack,
          kennysheep_path_1, st_stairs_4, minmay_misc_feat_diagonals
D:3:      layout_rooms, marbit_many_paths, mainiacjoe_overflow_catwalk,
          serial_shops, shop, hangedman_abyss_or_decor_lesser_grid,
          minmay_misc_feat_rows, hangedman_decor_clover_reticule,
          minmay_mini_jars, uniq_crazy_yiuf_cottage

Skill      XL: |  1  2  3 |
---------------+----------+-----
Maces & Flails | 3 |  3.9
Dodging        | 3 |  3.2
Fighting       | |  2.9
Stealth        | |  1.4

Action                   |  1- 3 |  4- 6 || total
-------------------------+-------+-------++-------
Melee: Mace              |   157 |    99 ||   256
       Punch             |     4 |     2 ||     6
 Stab: Sleeping          |     6 |     3 ||     9
Armor: Robe              |    78 |    49 ||   127
Dodge: Dodged            |   107 |    66 ||   173
